 Dungeon Crawl Stone Soup version 0.27-a0-1301-g128193abf8 (webtiles) character file.

Game seed: 13668035367838119394

108 flotson the Sneak (level 4, -2/37 HPs)
             Began as a Demonspawn Delver on June 18, 2021.
             Slain by a scorpion (8 damage)
             ... on level 3 of the Dungeon.
             The game lasted 00:02:36 (1222 turns).

flotson the Sneak (Demonspawn Delver)               Turns: 1222, Time: 00:02:36

Health: -2/37      AC: 10    Str: 12    XL:     4   Next: 58%
Magic:  4/4        EV: 12    Int: 11    God:
Gold:   12         SH:  0    Dex: 14    Spells: 3/3 levels left

rFire    . . .     SeeInvis .   a - +0 hand axe
rCold    . . .     Faith    .   (no shield)
rNeg     . . .     Spirit   .   b - +0 leather armour
rPois    .         Reflect  .   f - +1 hat
rElec    .         Harm     .   (no cloak)
rCorr    .         Rampage  .   (no gloves)
Will     .....                  (no boots)
Stlth    ++........             (no amulet)
HPRegen  0.12/turn              (no ring)
MPRegen  0.09/turn              (no ring)

@: lethally poisoned (-2 -> -12), sanguine armoured
A: claws 1, sanguine armour 1, talons 1, weak 1
a: no special abilities


You were on level 3 of the Dungeon.
You visited 2 branches of the dungeon, and saw 4 of its levels.

You collected 12 gold pieces.

Inventory:

Hand Weapons
 a - a +0 hand axe (weapon)
Armour
 b - a +0 leather armour (worn)
 f - a +1 hat (worn)
Wands
 g - a wand of digging (2)
Scrolls
 c - a scroll of fog


   Skills:
 + Level 3.7 Fighting
 + Level 2.6 Axes
 + Level 1.7 Armour
 + Level 2.6 Dodging
 - Level 4.5 Stealth


You had 3 spell levels left.
You didn't know any spells.
Your spell library was empty.

Dungeon Overview and Level Annotations

Branches:
Dungeon (5/15)             Temple (1/1) D:4

Altars:
Ashenzari
Elyvilon
Fedhas
Hepliaklqana
Kikubaaqudgha
Okawaru
Qazlal
Ru
Sif Muna
Trog
Uskayaw
Vehumet
Xom
Zin
The Shining One

Annotations:
D:4 Dowan


Innate Abilities, Weirdness & Mutations

You have sharp fingernails.
When seriously injured, your bleeding wounds create armour. (AC +6)
You have sharp toenails.
You are weak. (Str -2)


Message History

The scorpion stings you.
You are poisoned.
The scorpion poisons you!
Found a stone staircase leading up.
Your blood congeals into armour.
You feel very sick.
You feel sick.
You feel sick.
There is a stone staircase leading up here.
You feel sick. The scorpion barely misses you.
You climb upwards.
Found 19 gold pieces.
There is a stone staircase leading down here.
You feel sick. The scorpion completely misses you.
You feel sick.
You aren't carrying any potions.
Unknown command.
You feel sick.
You feel sick.
You are no longer poisoned.
The scorpion stings you. The scorpion misses you. The scorpion misses you.
The scorpion stings you but does no damage.
The scorpion stings you.
Found a smoky dark potion.
Found a sedimented grey potion.
The scorpion stings you.
Found a tiny pearl amulet.
You see here a sedimented grey potion.
It was a potion of mutation.
You feel extremely strange.
You feel weaker.
Your toenails lengthen and sharpen.
The scorpion stings you.
* * * LOW HITPOINT WARNING * * *
You are lethally poisoned!
The scorpion poisons you!
* * * LOW HITPOINT WARNING * * *
You feel very sick. The scorpion stings you!
You die...

#$............#
###..############
#### #....# ...##
#.##.# ....
#.##.# #.. #.##.#
#..##.##.#
#...s.##.#
##..@....#
#.......#
..........#
............#
"........!..#
######.####.# #..
#.# ## .#


You could see a scorpion.

Vanquished Creatures
  A centaur zombie (D:5)
  A hound (D:4)
  An iguana (D:4)
  A hound skeleton (D:5)
  An ufetubus (D:4)
  A hobgoblin (D:4)
6 creatures vanquished.

Vanquished Creatures (others)
  6 plants (D:5)
6 creatures vanquished.

Grand Total: 12 creatures vanquished

Notes
Turn   | Place    | Note
-------+----------+-------------------------------------------
     0 | D:5      | flotson the Demonspawn Delver began the quest for the Orb.
     0 | D:5      | Reached XP level 1. HP: 18/18 MP: 1/1
    23 | D:5      | Noticed an ice beast
    37 | D:5      | Noticed a gnoll shaman
    52 | D:5      | Noticed a gnoll sergeant
    78 | D:5      | Noticed a gnoll sergeant
    93 | D:5      | Noticed a gnoll sergeant
   138 | D:5      | Gained mutation: When seriously injured, your bleeding
                  | wounds create armour. (AC +6) [demonic ancestry]
   138 | D:5      | Reached XP level 2. HP: 20/24 MP: 2/2
   202 | D:5      | Reached skill level 1 in Armour
   202 | D:5      | Reached XP level 3. HP: 16/29 MP: 3/3
   366 | D:5      | Noticed a scorpion
   390 | D:4      | Gained mutation: You have sharp fingernails. [demonic
                  | ancestry]
   390 | D:4      | Reached XP level 4. HP: 17/35 MP: 4/4
   549 | D:4      | Noticed Dowan
   836 | D:4      | Noticed a scorpion
   842 | D:4      | Found a staircase to the Ecumenical Temple.
   849 | D:4      | Noticed a necrophage
   866 | Temple   | Entered the Ecumenical Temple
  1177 | D:4      | Found a stormy altar of Qazlal.
  1221 | D:3      | Gained mutation: You are weak. (Str -2) [potion of
                  | mutation]
  1221 | D:3      | Gained mutation: You have sharp toenails. [potion of
                  | mutation]
  1222 | D:3      | Slain by a scorpion

Illustrated notes

Levels and vault maps discovered:
D:3:      layout_basic, cheibriados_altar_1, nicolae_dithmenos_the_darkroom,
          dilly_ecumenical_altar_fadedgnrine, uniq_terence
D:4:      layout_basic, lemuel_doored_altar, minmay_temple_entry_wispy,
          uniq_duvessa, uniq_natasha, uniq_menkaure
D:5:      minmay_razor_zed, layout_basic, kennysheep_little_box,
          kennysheep_mini, gammafunk_ghost_gnarly_gnolls,
          uniq_crazy_yiuf_cottage
Temple:   dpeg_chambers_temple

Skill      XL: |  1  2 |
---------------+-------+-----
Axes           | 2 |  2.6
Dodging        | 2 |  2.6
Armour         | 1 |  1.7
Fighting       | |  3.7
Stealth        | |  4.5

Action                   |  1- 3 |  4- 6 || total
-------------------------+-------+-------++-------
Melee: Hand axe          |    30 |    26 ||    56
Evoke: Wand              |       |     1 ||     1
  Use: Scroll            |       |     2 ||     2
       Potion            |       |     2 ||     2
Armor: Leather armour    |    23 |    13 ||    36
Dodge: Dodged            |    35 |    38 ||    73

Table legend: (Time is in decaauts)
 A = Elapsed time spent in this place.
 B = Non-inter-level travel time spent in this place.
 C = Inter-level travel time spent in this place.
 D = Time resting spent in this place.
 E = Time spent auto-exploring this place.
 F = Levels seen in this place.
 G = Mean time per level.
                   A        B        C        D        E       F      G
               +--------+--------+--------+--------+--------+-----+--------+
         Total |   1213 |   1189 |     24 |      0 |    930 |   4 |  303.2 |
       Dungeon |    915 |    914 |      1 |      0 |    656 |   3 |  305.0 |
        Temple |    297 |    274 |     23 |      0 |    274 |   1 |  297.0 |
               +--------+--------+--------+--------+--------+-----+--------+

Top non-repeatable levels by time:
     D:4: 494 daAuts
     D:5: 384 daAuts
  Temple: 297 daAuts
     D:3: 35 daAuts
